 Dungeon Crawl Stone Soup version 0.27.0-1-g7a089689b8 (webtiles) character file.

Game seed: 8044446590684869415

5 Sin92 the Skirmisher (level 1, 0/18 HPs)
             Began as a Demonspawn Fighter on Aug 3, 2021.
             Slain by a gnoll (6 damage)
             ... on level 1 of the Dungeon.
             The game lasted 00:00:43 (213 turns).

Sin92 the Skirmisher (Demonspawn Fighter)            Turns: 213, Time: 00:00:43

Health: 0/18       AC:  6    Str: 16    XL:     1   Next: 66%
Magic:  1/1        EV:  6    Int:  9    God:
Gold:   17         SH:  8    Dex: 12    Spells: 0/0 levels left

rFire    . . .     SeeInvis .   a - +0 war axe
rCold    . . .     Faith    .   c - +0 kite shield
rNeg     . . .     Spirit   .   b - +0 scale mail
rPois    .         Reflect  .   (no helmet)
rElec    .         Harm     .   (no cloak)
rCorr    .         Rampage  .   (no gloves)
Will     .....                  (no boots)
Stlth    ..........             (no amulet)
HPRegen  0.06/turn              (no ring)
MPRegen  0.07/turn              (no ring)

@: no status effects
A: no striking features
a: no special abilities


You were on level 1 of the Dungeon.
You visited 1 branch of the dungeon, and saw 1 of its levels.

You collected 17 gold pieces.

Inventory:

Hand Weapons
 a - a +0 war axe (weapon)
Armour
 b - a +0 scale mail (worn)
 c - a +0 kite shield (worn)
Scrolls
 f - a scroll of enchant armour {unknown}
Potions
 d - a potion of might
 e - a potion of brilliance {unknown}
 g - a potion of attraction {unknown}
 h - a potion of cancellation {unknown}
 i - a potion of curing {unknown}


   Skills:
 + Level 3.0 Fighting
 * Level 2.0 Axes
 + Level 2.7 Armour
 + Level 0.2 Dodging
 + Level 2.7 Shields


You couldn't memorise any spells.
You didn't know any spells.
Your spell library was empty.

Dungeon Overview and Level Annotations

Branches:
Dungeon (1/15)

Altars:


Message History

The kobold shouts!
The kobold hits you with a +0 dagger.
You hit the kobold.
You kill the kobold!
A gnoll comes into view. It is wielding a +0 whip.
A goblin comes into view. It is wielding a +0 club.
The gnoll moves out of view.
The gnoll shouts!
The goblin shouts!
Things that are here:
a +0 dagger; a kobold corpse You block the kobold's attack.
You slash the kobold!
You kill the kobold!
Your Axes skill increases to level 2!
You hit the goblin but do no damage. The goblin hits you but does no damage.
You closely miss the gnoll. You barely miss the goblin.
You block the gnoll's attack. The goblin hits you with a +0 club.
The gnoll hits you with a +0 whip. The goblin hits you but does no damage.
You are too injured to fight recklessly!
You are too injured to fight recklessly!
You are too injured to fight recklessly!
You are too injured to fight recklessly!
You are too injured to fight recklessly!
You are too injured to fight recklessly!
You are too injured to fight recklessly!
You are too injured to fight recklessly!
You are too injured to fight recklessly!
You are too injured to fight recklessly!
You are too injured to fight recklessly!
Things that are here:
a +0 dagger; a kobold corpse You closely miss the gnoll.
The gnoll hits you with a +0 whip. You block the gnoll's attack.
You hit the gnoll.
The gnoll is heavily wounded.
You block the gnoll's attack.
You closely miss the gnoll.
The gnoll is heavily wounded.
The gnoll hits you with a +0 whip.
You die...

###.....#.###.######...
........#.............
.................#...
#.........#.####.....
#....[..# #.# ##.###.
#.....# #.# #.## ##
#.$g.# #.# #.# # #g#
#.# #.## ## #@# #.#
##.###. #.# #.# #....#
##.# #.## #.#### #..#
#..# #.# # #.## ##.#
#.# # #.#### ###.###.#
# #.._.###.......# ##
#######.....##.#)#####
#. ........⌠....#.#.#
#.


You could see a gnoll and a goblin.

Vanquished Creatures
  A hobgoblin (D:1)
  2 bats (D:1)
  2 kobolds (D:1)
  A rat (D:1)
6 creatures vanquished.

Notes
Turn   | Place    | Note
-------+----------+-------------------------------------------
     0 | D:1      | Sin92 the Demonspawn Fighter began the quest for the Orb.
     0 | D:1      | Reached XP level 1. HP: 18/18 MP: 1/1
   182 | D:1      | Found a faded altar of an unknown god.
   213 | D:1      | Slain by a gnoll

Illustrated notes

Levels and vault maps discovered:
D:1:      scummos_arrival_star, layout_loops_ring,
          ebering_ecumenical_altar_abandoned

Skill      XL: |  1 |
---------------+----+-----
Axes           | 2 |  2.0
Fighting       | |  3.0
Armour         | |  2.7
Dodging        | |  0.2
Shields        | |  2.7

Action                   || total
-------------------------++-------
Melee: War axe           ||    25
Armor: Scale mail        ||    12
Dodge: Dodged            ||     6
Block: Kite shield       ||    12
